 Dungeon Crawl Stone Soup version 0.30-b1-2-g02819fbbbe (webtiles) character file.

Game seed: 7079032598232581615

248 Flibulle the Sneak (level 5, -2/24 HPs)
             Began as a Spriggan Earth Elementalist on July 14, 2023.
             Slain by an orc warrior
             ... wielding a +0 scimitar
              (7 damage)
             ... on level 2 of the Dungeon.
             The game lasted 00:24:00 (2496 turns).

Flibulle the Sneak (Spriggan Earth Elementalist)    Turns: 2496, Time: 00:24:02

Health: -2/24      AC:  2    Str:  7 (8)  XL:     5   Next: 86%
Magic:  9/10       EV: 19    Int: 15 (16) God:
Gold:   122        SH:  0    Dex: 18      Spells: 6/9 levels left

rFire   . . .        q - +4 sling of Cataclysm {heavy, *Corrode rPois Str+4}
rCold   . . .        (no shield)
rNeg    . . .        a - +0 robe
rPois   +            (helmet restricted)
rElec   .            (no cloak)
rCorr   .            (gloves unavailable)
SInv    +            (boots unavailable)
Will    .....        s - amulet of magic regeneration
Stlth   +++          (no ring)
HPRegen 0.24/turn    (no ring)
MPRegen 0.52/turn

%: corrode self (3%)
@: very quick
A: very small, no large weapons, unfitting armour, see invisible, speed 3
a: no special abilities


You were on level 2 of the Dungeon.
You visited 1 branch of the dungeon, and saw 3 of its levels.

You collected 122 gold pieces.

Inventory:

Hand Weapons
 f - a +0 dagger
 q - the +4 sling of Cataclysm (weapon) {heavy, *Corrode rPois Str+4}
   (You found it on level 2 of the Dungeon)

   Str:       It affects your strength (+4).
   rPois:     It protects you from poison.
   *Corrode:  It may corrode you when you take damage.
Missiles
 e - 21 stones
 h - 4 poisoned darts
 o - 3 boomerangs
Armour
 a - a +0 robe (worn)
Magical Staves
 l - a staff of cold
 m - a staff of earth
Jewellery
 s - an amulet of magic regeneration (around neck)
Scrolls
 c - 5 scrolls of identify {unknown}
 i - a scroll of amnesia {unknown}
 j - 4 scrolls of immolation {unknown}
 k - a scroll of blinking {unknown}
 n - 3 scrolls of teleportation {unknown}
 p - a scroll of acquirement {unknown}
 r - a scroll of enchant armour {unknown}
Potions
 b - a potion of magic
 d - 4 potions of lignification
 g - 2 potions of curing


   Skills:
 + Level 2.7 Short Blades
 + Level 4.7 Dodging
 + Level 5.5 Stealth
 - Level 2.6 Spellcasting
 - Level 1.3 Transmutations
 + Level 3.8 Earth Magic


You had 6 spell levels left.
You knew the following spells:

 Your Spells              Type           Power      Damage    Failure   Level
a - Sandblast             Erth           26%        2d8       4%          1
b - Passwall              Tmut/Erth      7%         N/A       11%         2

Your spell library contained the following spells:

 Spells                   Type           Power      Damage    Failure   Level
 Wereblood                Tmut           6%         N/A       19%         2
 Stone Arrow              Conj/Erth      14%        3d7       28%         3
 Cigotuvi's Dreadful Rot  Necr/Pois/Air  4%         N/A       30%         2
 Sublimation of Blood     Necr           2%         N/A       30%         2
 Petrify                  Tmut/Erth      9%         N/A       56%         4
 Dispel Undead            Necr           2%         3d7       90%         4
 Death Channel            Necr           1%         N/A       100%        6
 Summon Hydra             Summ           1%         N/A       100%        7
 Borgnjor's Revivificati  Necr           1%         N/A       100%        8
 Necromutation            Tmut/Necr      2%         N/A       100%        8
 Death's Door             Necr           1%         N/A       100%        9


Dungeon Overview and Level Annotations

Branches:
Dungeon (3/15)

Altars:
Gozag
Makhleb

Annotations:
D:3 diceflayer's ghost, amateur DsHu


Innate Abilities, Weirdness & Mutations

You are very small and have problems with some larger weapons.
You are too small for most types of armour.
You have supernaturally acute eyesight. (SInv)
You cover ground extremely quickly. (Speed+++)


Message History

There is a stone staircase leading down here.
You climb downwards.
Level annotation: diceflayer's ghost, amateur DsHu The orc warrior hits you with a +0 scimitar!!
Ouch! That really hurt!
* * * LOW HITPOINT WARNING * * *
The orc warrior hits you with a +0 scimitar.
* * * LOW HITPOINT WARNING * * *
There is a stone staircase leading up, spattered with blood here.
The orc warrior closely misses you.
You climb upwards.
There is a stone staircase leading down here.
Fire: q) +4 sling of Cataclysm {heavy, *Corrode rPois Str+4}
Press: ? - help, Q - select action, (/) - cycle Shift-Dir - straight line, f - orc warrior
Aim: an orc warrior, wielding a +0 scimitar and wearing a +0 chain mail (lightly wounded, 60% to hit)
You shoot a sling bullet.
The sling bullet barely misses the orc warrior.
Casting: Sandblast (safe; 4% risk of failure)
Confirm with . or Enter, or press ? or * to list all spells.
Aiming: Sandblast (safe; 4% risk of failure)
Press: ? - help, Shift-Dir - straight line, f/p - orc warrior
Aim: an orc warrior, wielding a +0 scimitar and wearing a +0 chain mail (lightly wounded, 80% to hit)
The blast of sand misses the orc warrior.
The orc warrior closely misses you.
Casting: Sandblast (safe; 4% risk of failure)
Confirm with . or Enter, or press ? or * to list all spells.
Aiming: Sandblast (safe; 4% risk of failure)
Press: ? - help, Shift-Dir - straight line, f/p - orc warrior
Aim: an orc warrior, wielding a +0 scimitar and wearing a +0 chain mail (lightly wounded, 80% to hit)
The blast of sand hits the orc warrior but does no damage.
The orc warrior is lightly wounded.
Casting: Sandblast (safe; 4% risk of failure)
Confirm with . or Enter, or press ? or * to list all spells.
Aiming: Sandblast (safe; 4% risk of failure)
Press: ? - help, Shift-Dir - straight line, f/p - orc warrior
Aim: an orc warrior, wielding a +0 scimitar and wearing a +0 chain mail (lightly wounded, 80% to hit)
The blast of sand hits the orc warrior.
The orc warrior is lightly wounded.
The orc warrior hits you with a +0 scimitar!
You die...

#..........#
######)##)..#.####..
#..>.......#
##.)..#............
#..........#
#..####.######.####
#..........# ##.#####.#
#.#
##########.###..###...#
#.# #.#...###..### #.##
#...####..## #..# ##..#
##o## ##.# #..###@.#
#.### #..##..## #....
###..#..## ####.
##......## #######
###..###...## #......
#...###..#..## #.#####
#.##....###..### ##.#
#.[..#### ##...### #..#
##..### ###...# #.##


You could see an orc warrior.

Vanquished Creatures
  A phantom (D:3)
  3 iron imps (D:3)
  3 gnolls (D:2)
  An adder (D:2)
  A white imp (D:3)
  A worm (D:3)
  3 dart slugs
  7 endoplasms (D:1)
  2 giant cockroaches
  5 goblins
  4 hobgoblins
  A ball python (D:2)
  A bat (D:1)
  3 frilled lizards (D:3)
  5 kobolds
  A rat (D:2)
42 creatures vanquished.

Notes
Turn   | Place    | Note
-------+----------+-------------------------------------------
     0 | D:1      | Flibulle the Spriggan Earth Elementalist began the quest
                  | for the Orb.
     0 | D:1      | Reached XP level 1. HP: 9/9 MP: 5/5
   270 | D:1      | Reached XP level 2. HP: 13/13 MP: 2/6
   833 | D:1      | Learned a level 2 spell: Passwall
   853 | D:1      | Reached skill level 1 in Short Blades
   952 | D:2      | Reached XP level 3. HP: 16/16 MP: 6/8
  1078 | D:2      | Reached skill level 4 in Stealth
  1089 | D:2      | Reached XP level 4. HP: 13/21 MP: 1/9
  1256 | D:2      | Identified the +4 sling of Cataclysm {heavy, *Corrode rPois
                  | Str+4}
  1957 | D:3      | Noticed a phantom
  1988 | D:3      | Killed a phantom
  1989 | D:3      | Reached XP level 5. HP: 17/24 MP: 1/10
  2147 | D:3      | Found a runed translucent gate.
  2147 | D:3      | Found an opulent altar of Gozag.
  2148 | D:3      | Found a runed translucent gate.
  2148 | D:3      | Found a runed translucent gate.
  2150 | D:3      | Noticed diceflayer's ghost (amateur DsHu)
  2150 | D:3      | Noticed an orc warrior
  2157 | D:3      | Reached skill level 5 in Stealth
  2313 | D:3      | Found a burning altar of Makhleb.
  2496 | D:2      | Slain by an orc warrior

Illustrated notes

Levels and vault maps discovered:
D:1:      spicycebolla_arrival_ecumenical, layout_basic, hex_intersection,
          serial_bayou_crossing
D:2:      layout_rooms, reono_crystal_passage
D:3:      layout_basic, demons_altar, ebering_ghost_gozag, serial_glass,
          glass_columns_b, glass_columns_c, glass_columns_c, glass_columns_b,
          glass_columns_b, glass_columns_a

Skill      XL: |  1  2  3  4  5 |
---------------+----------------+-----
Dodging        | 3 4 |  4.7
Earth Magic    | 3 |  3.8
Short Blades   | 1 2 |  2.7
Stealth        | 4 5 |  5.5
Spellcasting   | |  2.6
Transmutations | |  1.3

Action                     |  1- 3 |  4- 6 || total
---------------------------+-------+-------++-------
  Melee: Dagger            |     4 |       ||     4
   Fire: Sling             |       |     6 ||     6
   Cast: Sandblast         |    38 |    82 ||   120
    Use: Potion            |       |     4 ||     4
 Armour: Robe              |     1 |     2 ||     3
  Dodge: Dodged            |     3 |    23 ||    26
